Map: Radiator LE

Players

Maktraher

  • Race: Zerg Zerg
  • League: Master
  • Spawn Location: 12:00

фуфiндуй

  • Race: Terran Terran
  • Spawn Location: 1:00

Zirg

  • Race: Zerg Zerg
  • Spawn Location: 12:00

Wlodziu

  • Race: Zerg Zerg
  • Spawn Location: 6:00

Iceberg

  • Race: Protoss Protoss
  • Spawn Location: 7:00

Leon

  • Race: Zerg Zerg
  • League: Gold
  • Spawn Location: 6:00

VOD

Have the link to the VOD?

Description

Time

  • Played on: March 21, 2026, 4:16 p.m.
  • Length: 3:38
Show
View Real Time Build Order
Export as new Build Order

Maktraher Zerg 

Build Orders: Hatch First 

Get SALT Encoding   

  12  0:43  Drone  
  12  0:44  Drone  
  12  0:46  Overlord  
  12  0:47  Hatchery  
  13  0:50  Extractor  
  12  0:57  Drone  
  13  1:08  Drone  
  14  1:16  Drone  
  15  1:28  Drone  
  16  1:34  Spawning Pool  
  16  1:38  Drone  
  16  1:49  Drone  
  17  2:00  Drone  
  18  2:01  Drone  
  19  2:11  Drone  
  20  2:16  Extractor, Drone  
  20  2:23  Queen, Roach Warren  
  20  2:24  Drone  
  20  2:27  Drone  
  23  2:32  Drone  
  23  2:34  Drone  
  25  2:44  Drone  
  25  2:45  Drone  
  27  2:52  Overlord  
  27  3:06  Drone  
  27  3:09  Overlord  
Show
View Real Time Build Order
Export as new Build Order

фуфiндуй Terran 

Build Orders:  

Get SALT Encoding   

  12  0:02  SCV  
  13  0:15  Supply Depot  
  13  0:19  SCV  
  14  0:36  SCV  
  15  1:14  Barracks  
  15  1:24  Barracks x2  
  15  1:30  Barracks  
  15  1:32  SCV  
  16  1:40  Supply Depot  
  16  1:47  SCV  
  17  1:59  SCV  
  18  2:09  Supply Depot  
  18  2:15  Marine x2  
  18  2:16  Marine  
  18  2:19  SCV  
  22  2:27  Marine  
  23  2:32  SCV  
  23  2:33  Marine  
  23  2:34  Marine x2  
  27  2:44  SCV  
  28  2:45  Marine  
  29  2:56  Marine x3  
  32  3:03  Marine  
Show
View Real Time Build Order
Export as new Build Order

Zirg Zerg 

Build Orders: Hatch First 

Get SALT Encoding   

  12  0:02  Drone  
  13  0:15  Drone  
  13  0:17  Overlord  
  14  0:44  Drone  
  15  0:51  Hatchery  
  15  0:53  Drone  
  15  0:54  Drone  
  15  0:57  Drone  
  17  1:09  Extractor  
  16  1:11  Drone  
  17  1:22  Spawning Pool  
  17  1:23  Drone  
  17  1:28  Drone  
  18  1:38  Drone  
  19  1:50  Drone  
  20  2:00  Overlord  
  20  2:10  Queen  
  20  2:11  Overlord  
  20  2:12  Metabolic Boost  
  20  2:14  Zergling x4  
  24  2:24  Queen  
  24  2:27  Zergling x2  
  27  2:38  Zergling x4  
  27  2:41  Zergling x2  
  30  2:48  Spine Crawler  
  30  2:49  Overlord  
  29  3:00  Zergling x6  
  32  3:11  Drone  
  32  3:12  Zergling x2  
Show
View Real Time Build Order
Export as new Build Order

Wlodziu Zerg 

Build Orders: Pool First 

Get SALT Encoding   

  12  0:01  Drone  
  13  0:15  Drone  
  13  0:17  Extractor  
  13  0:18  Drone  
  15  0:22  Overlord  
  15  0:40  Drone x2  
  17  1:06  Drone x2  
  17  1:09  Extractor  
  18  1:14  Spawning Pool  
  18  1:15  Hatchery  
  16  1:22  Drone x2  
  18  1:31  Drone  
  19  1:43  Overlord  
  19  2:02  Queen  
  19  2:04  Zergling x4  
  23  2:17  Zergling x2  
  23  2:18  Metabolic Boost  
  24  2:35  Drone x2  
  26  2:41  Queen  
  28  2:45  Extractor  
  27  2:54  Queen  
  27  2:56  Drone x2  
  31  3:13  Zergling x2  
  31  3:14  Zergling x8  
Show
View Real Time Build Order
Export as new Build Order

Iceberg Protoss 

Build Orders: Nexus First 

Get SALT Encoding   

  12  0:00  Probe  
  13  0:12  Probe  
  14  0:19  Pylon  
  14  0:24  Probe  
  15  0:34  Probe  
  15  0:42  Probe  
  17  0:52  Probe  
  18  1:04  Nexus  
  18  1:05  Probe  
  19  1:17  Probe  
  20  1:29  Probe  
  21  1:40  Nexus  
  21  1:45  Probe  
  22  1:48  Gateway  
  22  1:55  Assimilator  
  22  1:59  Assimilator  
  22  2:02  Probe  
  23  2:12  Probe  
  24  2:15  Probe  
  24  2:19  Pylon  
  24  2:20  Probe  
  25  2:24  Pylon  
  26  2:30  Probe  
  27  2:38  Probe  
  27  2:39  Cybernetics Core  
  27  2:40  Probe  
  29  2:46  Probe  
  30  2:52  Probe  
  30  2:55  Assimilator  
  30  2:57  Assimilator, Probe x2  
  33  3:09  Probe  
  34  3:23  Probe x2  
  34  3:24  Probe  
  37  3:28  Stargate  
  37  3:31  Stargate  
Show
View Real Time Build Order
Export as new Build Order

Leon Zerg 

Build Orders: Hatch First 

Get SALT Encoding   

  12  0:01  Drone  
  13  0:16  Overlord  
  13  0:20  Drone  
  14  0:34  Drone x2  
  16  0:39  Drone  
  17  1:05  Hatchery  
  16  1:26  Drone  
  16  1:28  Extractor, Drone  
  16  1:32  Spawning Pool  
  16  1:37  Drone  
  16  1:39  Drone  
  18  1:48  Drone  
  19  2:08  Drone  
  20  2:24  Baneling Nest  
  20  2:25  Queen x2  
  20  2:26  Zergling x4  
  20  2:27  Zergling x2  
  26  2:41  Overlord  
  26  2:51  Zergling x2  
  26  2:52  Zergling x2  
  28  3:00  Overlord x2  
  27  3:19  Zergling x10  
Tags
 
Add a new tag
Caveats
  • Supply blocks, unpowered buildings, or Contaminate may cause inaccurate times.
  • Supply counts are checked every 10 seconds.